 Dungeon Crawl Stone Soup version 0.30-a0-469-g84de5afbc5 (webtiles) character file.

Game seed: 9252933606128043671

37 ytrimaz the Chopper (level 3, 0/25 (29) HPs)
             Began as a Demonspawn Chaos Knight on Dec 19, 2022.
             Was a Plaything of Xom.
             Slain by a gnoll
             ... wielding a +0 whip of draining
              (1 damage)
             ... on level 2 of the Dungeon.
             The game lasted 00:01:00 (329 turns).

ytrimaz the Chopper (Demonspawn Chaos Knight)        Turns: 329, Time: 00:01:00

HP:   0/25 (29)     AC:  5    Str: 14    XL:     3   Next: 21%
MP:   3/3           EV: 11    Int: 13    God:    Xom [..*...]
Gold: 18            SH:  0    Dex: 14    Spells: 2/2 levels left

rFire   . . .      SeeInvis .    a - +0 hand axe (chaos)
rCold   . . .      Faith    .    (no shield)
rNeg    . . .      Spirit   .    b - +2 leather armour
rPois   .          Reflect  .    (helmet restricted)
rElec   .          Harm     .    (no cloak)
rCorr   .          Rampage  .    (no gloves)
Will    .....                    (no boots)
Stlth   ++........               (no amulet)
HPRegen 0.24/turn                (no ring)
MPRegen 0.08/turn                (no ring)

@: heavily drained
A: horns 1, thin skeletal structure 1
a: Renounce Religion


You were on level 2 of the Dungeon.
You worshipped Xom.
You were a toy of Xom.
You visited 1 branch of the dungeon, and saw 2 of its levels.

You collected 18 gold pieces.


Innate Abilities, Weirdness & Mutations

You have a pair of small horns on your head.
You have a somewhat thin skeletal structure. (Dex +2, Stealth+)


   Skills:
 - Level 3.0 Fighting
 + Level 4.0 Axes
 - Level 1.7 Armour
 - Level 0.8 Dodging


You had 2 spell levels left.
You didn't know any spells.
Your spell library was empty.

Inventory:

Hand Weapons
 a - a +0 hand axe of chaos (weapon)
Armour
 b - a +2 leather armour (worn)
Scrolls
 d - a scroll of noise {unknown}
 e - a scroll of blinking {unknown}
 h - a scroll of magic mapping {unknown}
Potions
 f - a potion of attraction {unknown}
 g - a potion of resistance {unknown}
Miscellaneous
 c - a piece from Xom's chessboard (15/15) (quivered)

Dungeon Overview and Level Annotations

Branches:
Dungeon (2/15) Zot: 11663

Altars:

#.####.#..######.# #..
...##......#.#
#.###########..#.# #..
..........#.# #.#
#########..#.# #.#
#...##........
###.###.#.###.######
#.....โ€ .#.# #...####
#.#@#####.# #......#
#...gยง#####)#
#.#.##.#
#...#.....#.###.#.##.#
#$..#.###....##.#.##.#
....
#.##.....##.#.##.#
#####
#.##......#.#.##.#
#.##......โ€ .#.##.#
#.##......โ€ ...#..#
......[.#..#.#.##


You could see a gnoll.


Message History

Things that are here:
a +0 whip; a kobold corpse A rat comes into view.
A rat is nearby!
A rat is nearby!
The rat bites you. ๐Ÿ˜• HP[-2]
You take 2 damage, and now have 22/24 hp.
You closely miss the rat. The rat bites you. ๐Ÿ˜• HP[-1]
You take 1 damage, and now have 21/24 hp.
You closely miss the rat. The rat bites you but does no damage.
You hit the rat.
You kill the rat!
No target in view!
No target in view!
No target in view!
No target in view!
No target in view!
No target in view!
No target in view!
No target in view!
You see here a rat corpse. 2 gnolls come into view.
A gnoll is wielding a +0 whip of draining.
The gnoll shouts! ๐Ÿ˜Ž HP[+3]
Your hp is fully restored (24).
There are monsters nearby!
There are monsters nearby!
A gnoll comes into view. It is wielding a +0 flail.
You barely miss the gnoll.
The gnoll throws a throwing net.
The throwing net hits you.
You become entangled in the net!
The gnoll hits you with a +0 club. ๐Ÿ˜• HP[-1]
You take 1 damage, and now have 23/24 hp.
You struggle against the net.
The gnoll hits you with a +0 club. ๐Ÿ˜• HP[-3]
You take 3 damage, and now have 20/24 hp.
You struggle against the net.
The gnoll shouts!
The gnoll hits you but does no damage.
The gnoll barely misses you. ๐Ÿ˜• HP[+1] Unknown command.
You struggle against the net.
The gnoll hits you but does no damage.
The gnoll hits you with a +0 club. ๐Ÿ˜• HP[-2]
You take 2 damage, and now have 19/24 hp.
You struggle against the net.
You rip the net and break free!
The gnoll hits you with a +0 club. ๐Ÿ˜ฎ HP[-1]
You take 1 damage, and now have 18/24 hp.
You hit the gnoll.
The gnoll is devoured by a tear in reality.
You closely miss the gnoll.
The gnoll closely misses you. ๐Ÿ˜• HP[+1]
You closely miss the gnoll.
The gnoll hits you with a +0 whip of draining.
You feel drained. The gnoll hits you with a +0 club.
* * * LOW HITPOINT WARNING * * *
๐Ÿ˜จ HP[-9]
You now have 23 max hp (-1).
You take 9 damage, and now have 10/23 hp.
MASSIVE DAMAGE!! (PAUSE)
You are too injured to fight recklessly!
You hit the gnoll. You burn the gnoll. You hit the gnoll.
The gnoll misses you. x2
You barely miss the gnoll. You hit the gnoll.
The gnoll hits you but does no damage. x2
You feel drained.
You now have 22 max hp (-1).
You hit the gnoll. x2; You feel better.
The gnoll hits you with a +0 whip of draining.
* * * LOW HITPOINT WARNING * * *
You feel drained. The gnoll hits you with a +0 club.
* * * LOW HITPOINT WARNING * * *
๐Ÿ˜ฑ HP[-6]
You now have 20 max hp (-2).
You take 6 damage, and now have 4/20 hp.
MASSIVE DAMAGE!! (PAUSE)
You slash the gnoll!
You kill the gnoll!
You barely miss the gnoll. The gnoll barely misses you.
Your Axes skill increases to level 4!
You have reached level 3!
Your experience leads to an increase in your attributes!
Increase (S)trength, (I)ntelligence, or (D)exterity?
You feel stronger. x2; Your demonic ancestry asserts itself...
A pair of horns grows on your head! ๐Ÿ˜ฑ HP[+1] MP[+1]
You now have 26 max hp (+6).
Your mp is fully restored (3).
You barely miss the gnoll.
The gnoll hits you with a +0 whip of draining.
* * * LOW HITPOINT WARNING * * *
You feel drained.
You die... "This toy is broken."

Skill      XL: |  1  2 |
---------------+-------+-----
Axes           | 3 4 |  4.0
Fighting       | |  3.0
Armour         | |  1.7
Dodging        | |  0.8

Action                   || total
-------------------------++-------
Melee: Hand axe          ||    51
 Stab: Sleeping          ||     3
Armor: Leather armour    ||    25
Dodge: Dodged            ||    28

Levels and vault maps discovered:
D:1:      wander_arrival_peaceful_grave, layout_rooms
D:2:      minmay_evil_eye, layout_basic,
          shapermc_ecumenical_altar_mp_urbaneastern, minivault_27, uniq_sigmund,
          uniq_crazy_yiuf_cottage

Notes
Turn   | Place    | Note
-------+----------+-------------------------------------------
     0 | D:1      | ytrimaz the Demonspawn Chaos Knight began the quest for the
                  | Orb.
     0 | D:1      | Reached XP level 1. HP: 18/18 MP: 1/1
     0 | D:1      | magus.rc [v1.9.6]
    59 | D:1      | Reached skill level 3 in Axes
   117 | D:1      | XOM: silly message
   144 | D:1      | XOM: butterfly on damage
   145 | D:1      | Gained mutation: You have a somewhat thin skeletal
                  | structure. (Dex +2, Stealth+) [demonic ancestry]
   145 | D:1      | Reached XP level 2. HP: 13/24 MP: 2/2
   151 | D:1      | You fall into a shaft and drop 1 floor!
   327 | D:2      | HP: 4/20 [gnoll/+0 club (5)]
   329 | D:2      | Reached skill level 4 in Axes
   329 | D:2      | Gained mutation: You have a pair of small horns on your
                  | head. [demonic ancestry]
   329 | D:2      | Reached XP level 3. HP: 5/26 MP: 3/3
   329 | D:2      | HP: 1/26 [gnoll/+0 whip of draining (4)]
   329 | D:2      | Slain by a gnoll

Vanquished Creatures
  A gnoll (D:2)
  A dart slug (D:2)
  3 goblins
  3 ball pythons (D:1)
  5 bats
  A kobold (D:2)
  5 rats
19 creatures vanquished.

Vanquished Creatures (others)
  2 plants (D:2)
2 creatures vanquished.

Grand Total: 21 creatures vanquished

Table legend:
 A = Non-vault XP
 B = Vault XP
 C = Vault XP percentage of total XP
 D = Non-vault monster count
 E = Vault monster count
 F = Vault count percentage of total count
                 A         B        C        D         E       F
            +---------+---------+-------+---------+---------+-------
      Total |      53 |       0 |   0.0 |      20 |       0 |   0.0
            +---------+---------+-------+---------+---------+-------
        D:1 |      14 |       0 |   0.0 |      11 |       0 |   0.0
        D:2 |      39 |       0 |   0.0 |       9 |       0 |   0.0
            +---------+---------+-------+---------+---------+-------

Illustrated notes

Table legend:
 A = Kills in this place as a percentage of kills in entire the game.
 B = Kills by you in this place as a percentage of kills by you in the entire game.
 C = Kills by friends in this place as a percentage of kills by friends in the entire game.
 D = Other kills in this place as a percentage of other kills in the entire game.
 E = Experience gained in this place as a percentage of experience gained in the entire game.
 F = Experience gained in this place divided by the number of levels of this place that you have seen.
                   A       B       C       D       E      F
               +-------+-------+-------+-------+-------+----------------------
         Total | 100.0 | 100.0 |   N/A | 100.0 | 100.0 |  26.5
       Dungeon | 100.0 | 100.0 |   N/A | 100.0 | 100.0 |  26.5
               +-------+-------+-------+-------+-------+----------------------

Table legend: (Time is in decaauts)
 A = Elapsed time spent in this place.
 B = Non-inter-level travel time spent in this place.
 C = Inter-level travel time spent in this place.
 D = Time resting spent in this place.
 E = Time spent auto-exploring this place.
 F = Levels seen in this place.
 G = Mean time per level.
                   A        B        C        D        E       F      G
               +--------+--------+--------+--------+--------+-----+--------+
         Total |    335 |    335 |      0 |      0 |    195 |   2 |  167.5 |
       Dungeon |    335 |    335 |      0 |      0 |    195 |   2 |  167.5 |
               +--------+--------+--------+--------+--------+-----+--------+

Top non-repeatable levels by time:
     D:2: 181 daAuts
     D:1: 154 daAuts
